 Dungeon Crawl Stone Soup version 0.29.0-4-gdea44cf6ec (webtiles) character file.

Game seed: 3901318925494912460

252 qw the Chopper (level 6, 0/41 HPs)
             Began as a Gargoyle Fighter on Sept 10, 2022.
             Slain by Edmund
             ... wielding a +6 flail of protection
              (2 damage)
             ... on level 4 of the Dungeon.
             The game lasted 00:00:55 (3247 turns).

qw the Chopper (Gargoyle Fighter)                   Turns: 3247, Time: 00:00:56

Health: 0/41       AC: 16    Str: 20    XL:     6   Next: 14%
Magic:  6/6        EV:  7    Int: 13    God:
Gold:   173        SH:  4    Dex:  8    Spells: 5/5 levels left

rFire   . . .      SeeInvis .   Y - +0 war axe
rCold   . . .      Faith    .   c - +0 buckler
rNeg    + . .      Spirit   .   e - +0 chain mail
rPois   inf        Reflect  .   (no helmet)
rElec   +          Harm     .   q - +2 cloak
rCorr   .          Rampage  .   (no gloves)
Will    .....                   (no boots)
Stlth   ..........              (no amulet)
HPRegen 0.13/turn               (no ring)
MPRegen 0.10/turn               (no ring)

@: no status effects
A: sickness immunity, AC +4, negative energy resistance 1, electricity
resistance, torment resistance 1, petrification resistance, clever 1, robust 1
a: no special abilities


You were on level 4 of the Dungeon.
You visited 1 branch of the dungeon, and saw 4 of its levels.

You collected 173 gold pieces.


Innate Abilities, Weirdness & Mutations

You are immune to sickness and miasma.
Your stone body is resilient. (AC +4)
You are immune to poison.
You resist negative energy. (rN+)
You are resistant to electric shocks. (rElec)
You are resistant to unholy torment.
You are immune to petrification.
Your mind is acute. (Int +4, Str/Dex -1)
You are robust. (+10% HP)


   Skills:
 - Level 4.2 Fighting
 + Level 5.0 Axes
 - Level 1.0 Throwing
 - Level 3.2 Armour
 - Level 3.2 Shields


You had 5 spell levels left.
You didn't know any spells.
Your spell library was empty.

Inventory:

Hand Weapons
 g - a +0 mace
 Y - a +0 war axe (weapon)
Armour
 c - a +0 buckler (worn)
 e - a +0 chain mail (worn)
 q - a +2 cloak (worn)
Jewellery
 f - a ring of fire
Potions
 a - a potion of lignification {unknown}
 d - 2 potions of might
 h - a potion of mutation
 i - a potion of flight {unknown}
 j - a potion of resistance {unknown}
 k - a potion of heal wounds {unknown}
 m - a potion of degeneration {unknown}
 n - a potion of invisibility {unknown}
 o - a potion of attraction {unknown}
 p - 2 potions of curing {unknown}

Dungeon Overview and Level Annotations

Branches:
Dungeon (4/15)
 Temple: D:4-7

Altars:
Ashenzari
Fedhas
Okawaru
Sif Muna
Vehumet
Yredelemnul

Annotations:
D:4 Edmund


Message History

The jackal bites you. Edmund hits you but does no damage.
You barely miss the jackal.
The jackal is heavily wounded.
You barely miss Edmund. You hit the hobgoblin. The jackal barely misses you.
Edmund hits you with a +6 flail of protection.
The hobgoblin hits you but does no damage.
The jackal barely misses you.
You closely miss the hobgoblin.
The hobgoblin is almost dead.
You barely miss Edmund. You closely miss the jackal.
The jackal closely misses you. You block Edmund's attack.
The hobgoblin hits you but does no damage.
The jackal bites you but does no damage.
You hit the hobgoblin but do no damage.
The hobgoblin is almost dead.
You hit the jackal. You hit Edmund but do no damage. Edmund barely misses you.
The hobgoblin barely misses you.
The jackal bites you but does no damage.
The hobgoblin hits you but does no damage.
Edmund hits you with a +6 flail of protection.
The jackal bites you.
You slash the hobgoblin!
You kill the hobgoblin!
You hit the jackal.
You kill the jackal!
You barely miss Edmund. You block Edmund's attack.
You slash Edmund!
Edmund is moderately wounded.
Edmund barely misses you.
You hit Edmund but do no damage.
Edmund is moderately wounded.
Edmund hits you with a +6 flail of protection!
Edmund says, "People accused me of being a cutpurse!"
Edmund hits you but does no damage.
You hit Edmund but do no damage.
Edmund is moderately wounded.
Edmund hits you with a +6 flail of protection.
You die...

.......... .........###
..¤........ ~~¤~~~....#
.(.~....# #.~ ### #.~....#
... #.~¤....#.¤%@..### #.[
#...#._.#.~.@.##.### #^
#.~.#.....~..###...### #.
#.~.#####.~..# #.#<..# #.
#.~.....¤¤~.####.###.### #.
#.~~~~~~¤¤¤¤#..........# #.
#.......¤¤¤.#..#.###...######
###.####..####.#.# ###.....##
#.## #.## #.#.# ##..#.#. #..#
#.# #.#.# ##.#...


You could see Edmund.

Vanquished Creatures
  A necrophage (D:3)
  An orc priest (D:3)
  An orc wizard (D:3)
  3 gnolls (D:3)
  3 adders
  A worm (D:2)
  A dart slug (D:3)
  3 orcs (D:3)
  2 bats
  7 endoplasms
  3 giant cockroaches
  4 goblins
  4 hobgoblins
  11 jackals
  6 kobolds
  4 quokkas
  11 ball pythons
  3 frilled lizards
  6 rats
75 creatures vanquished.

Notes
Turn   | Place    | Note
-------+----------+-------------------------------------------
     0 | D:1      | qw the Gargoyle Fighter began the quest for the Orb.
     0 | D:1      | Reached XP level 1. HP: 14/14 MP: 1/1
     0 | D:1      | 0 ||| qw: Version: 0.1-a-116-g5d60599
     0 | D:1      | 0 ||| qw: Game counter: 7596
     0 | D:1      | 0 ||| qw: Always use a shield: true
     0 | D:1      | 0 ||| qw: God list: Okawaru
     0 | D:1      | 0 ||| qw: Allow faded altars: false
     0 | D:1      | 0 ||| qw: Do Orc after D:15 true
     0 | D:1      | 0 ||| qw: Do second Lair branch before Depths: true
     0 | D:1      | 0 ||| qw: Lair rune preference: random
     0 | D:1      | 0 ||| qw: Plans: Normal, Zot, God:TSO, Crypt, Tomb, Zig,
                  | Orb
     0 | D:1      | 0 ||| PLANNING D:1-11
    32 | D:1      | Reached skill level 2 in Axes
   382 | D:1      | 382 ||| Stepping ~*~*~tactically~*~*~ (stealth).
   392 | D:1      | Reached XP level 2. HP: 19/19 MP: 2/2
   424 | D:1      | 424 ||| Stepping ~*~*~tactically~*~*~ (stealth).
   427 | D:1      | 427 ||| Stepping ~*~*~tactically~*~*~ (stealth).
   428 | D:1      | 428 ||| Stepping ~*~*~tactically~*~*~ (stealth).
   530 | D:1      | Reached skill level 3 in Axes
   607 | D:1      | Reached XP level 3. HP: 23/23 MP: 3/3
   903 | D:1      | 903 ||| Stepping ~*~*~tactically~*~*~ (stealth).
   935 | D:1      | Found a faded altar of an unknown god.
  1186 | D:1      | 1186 ||| READING scroll labelled QULORCH OJARHOFO.
  1187 | D:1      | 1187 ||| READING 2 scrolls labelled DEXEYL EQ YCO.
  1188 | D:1      | 1188 ||| READING scroll labelled YPABUY LAIRPHIE.
  1189 | D:1      | 1189 ||| DROPPING scroll of vulnerability.
  1307 | D:2      | Reached skill level 1 in Throwing
  1435 | D:2      | Reached XP level 4. HP: 27/28 MP: 4/4
  2133 | D:2      | 2133 ||| READING scroll labelled QYIDADULAY.
  2134 | D:2      | 2134 ||| READING scroll labelled HUTIUR LIMORCH.
  2213 | D:3      | Reached skill level 4 in Axes
  2442 | D:3      | Reached XP level 5. HP: 32/32 MP: 5/5
  2502 | D:3      | Reached skill level 5 in Axes
  2947 | D:3      | 2947 ||| UPGRADING to +0 chain mail.
  2957 | D:3      | 2957 ||| DROPPING +0 scale mail.
  2958 | D:3      | 2958 ||| UPGRADING to +2 cloak.
  2963 | D:3      | 2963 ||| READING scroll labelled DOPNAXZ HUEFAU.
  2964 | D:3      | 2964 ||| READING scroll labelled VUWNOG JORICKAKIG.
  2969 | D:3      | 2969 ||| DRINKING 2 emerald potions.
  2969 | D:3      | Gained mutation: You are robust. (+10% HP) [potion of
                  | mutation]
  2969 | D:3      | Gained mutation: Your mind is acute. (Int +4, Str/Dex -1)
                  | [potion of mutation]
  3015 | D:4      | 3015 ||| STAIRDANCE
  3024 | D:3      | Reached XP level 6. HP: 41/41 MP: 6/6
  3086 | D:4      | Found a basalt altar of Yredelemnul.
  3093 | D:4      | Found a shimmering blue altar of Sif Muna.
  3096 | D:4      | Found an iron altar of Okawaru.
  3096 | D:4      | Found a blossoming altar of Fedhas.
  3103 | D:4      | Found a broken altar of Ashenzari.
  3223 | D:4      | Found a radiant altar of Vehumet.
  3232 | D:4      | Noticed Edmund
  3246 | D:4      | HP: 2/41 [Edmund/+6 flail of protection (10)]
  3247 | D:4      | Slain by Edmund

Levels and vault maps discovered:
D:1:      onia_arrival_mini_maze, layout_loops_ring,
          chequers_ecumenical_altar_lobes
D:2:      layout_basic, st_stairs_12, serial_park_tiny_2
D:3:      layout_loops_ring
D:4:      layout_rooms, mainiacjoe_overflow_brackets,
          nicolae_overflow_hallway_of_the_gods, minmay_temple_entry_tees,
          uniq_edmund, uniq_blork_the_orc, uniq_grinder

Skill      XL: |  1  2  3  4  5 |
---------------+----------------+-----
Axes           | 2 3 4 5 |  5.0
Throwing       | 1 |  1.0
Fighting       | 4 |  4.2
Armour         | |  3.2
Shields        | |  3.2

Action                   |  1- 3 |  4- 6 || total
-------------------------+-------+-------++-------
Melee: War axe           |    77 |    91 ||   168
Throw: Javelin           |    22 |    19 ||    41
  Use: Scroll            |     3 |     4 ||     7
       Potion            |       |     1 ||     1
Armor: Scale mail        |    41 |    49 ||    90
       Chain mail        |       |    13 ||    13
Dodge: Dodged            |    41 |    63 ||   104
Block: Buckler           |     7 |    26 ||    33

Table legend:
 A = Non-vault XP
 B = Vault XP
 C = Vault XP percentage of total XP
 D = Non-vault monster count
 E = Vault monster count
 F = Vault count percentage of total count
                 A         B        C        D         E       F
            +---------+---------+-------+---------+---------+-------
      Total |     346 |      15 |   4.2 |      72 |       3 |   4.0
            +---------+---------+-------+---------+---------+-------
        D:1 |      46 |       2 |   4.2 |      24 |       2 |   7.7
        D:2 |      46 |      13 |  22.0 |      19 |       1 |   5.0
        D:3 |     242 |       0 |   0.0 |      22 |       0 |   0.0
        D:4 |      12 |       0 |   0.0 |       7 |       0 |   0.0
            +---------+---------+-------+---------+---------+-------
